TOP OF THE 1ST |
Detroit X-Wings batting - Pitching for Portland Privateers : RHP Cade Baird
|
Pitching: RHP Cade Baird
|
|
Batting: RHB Júlio López
|
0-0: Ball 1-0: Ball 2-0: Ball 3-0: Base on Balls
|
Batting: LHB Chris Loudermilk
|
0-0: Ball 1-0: Swinging Strike 1-1: Grounds into double play, 4-6-3 (Groundball, 4)
|
Batting: LHB Juan Colón
|
0-0: Ball 1-0: Foul Ball, location: 2F 1-1: Ball 2-1: Ball 3-1: Base on Balls
|
Batting: RHB Keith Sims
|
0-0: Ball 1-0: Fly out, F7 (Flyball, 7)
|
Top of the 1st over - 0 run(s), 0 hit(s), 0 error(s), 1 left on base; Detroit 0 - Portland 0 |
BOTTOM OF THE 1ST |
Portland Privateers batting - Pitching for Detroit X-Wings : RHP Gerardo García
|
Pitching: RHP Gerardo García
|
|
Batting: SHB Cory Campbell
|
0-0: Called Strike 0-1: Ball 1-1: Ball 2-1: Ball 3-1: Base on Balls
|
Batting: RHB Joe Bailey
|
0-0: Foul Ball, location: 2F 0-1: Called Strike 0-2: Grounds into double play, 4-6-3 (Groundball, 4)
|
Batting: SHB Patrick Larson
|
0-0: Called Strike 0-1: Ball 1-1: Fly out, F8 (Flyball, 8LM)
|
Bottom of the 1st over - 0 run(s), 0 hit(s), 0 error(s), 0 left on base; Detroit 0 - Portland 0 |
TOP OF THE 2ND |
Detroit X-Wings batting - Pitching for Portland Privateers : RHP Cade Baird
|
Batting: SHB Javier Jiménez
|
0-0: Called Strike 0-1: Called Strike 0-2: Ball 1-2: Strikes out swinging, 2-3 out at first.
|
Batting: RHB Gary Witt
|
0-0: Ball 1-0: Ball 2-0: Swinging Strike 2-1: Ball 3-1: Foul Ball, location: 2F 3-2: Foul Ball, location: 2F 3-2: Strikes out looking
|
Batting: RHB Jaime Contreras
|
0-0: Swinging Strike 0-1: Ground out 4-3 (Groundball, 4)
|
Top of the 2nd over - 0 run(s), 0 hit(s), 0 error(s), 0 left on base; Detroit 0 - Portland 0 |
BOTTOM OF THE 2ND |
Portland Privateers batting - Pitching for Detroit X-Wings : RHP Gerardo García
|
Batting: SHB Eric Pimentel
|
0-0: Called Strike 0-1: Foul Ball, location: 2F 0-2: Ball 1-2: Ball 2-2: Ball 3-2: Ground out 6-3 (Groundball, 6M)
|
Batting: RHB Edward Holloway
|
0-0: Ball 1-0: Ball 2-0: Ball 3-0: Called Strike 3-1: Foul Ball, location: 2F 3-2: Foul Ball, location: 2F 3-2: Base on Balls
|
Batting: RHB Luis Pineda
|
0-0: Ball 1-0: TRIPLE (Flyball, 8RD) Edward Holloway scores
|
Batting: RHB Jorge Hernández
|
0-0: Fly out, F8 (Flyball, 8RXD) Runner from 3rd tags up, SCORES, no throw
|
Batting: LHB Domingo Ledesma
|
0-0: Ball 1-0: Swinging Strike 1-1: Swinging Strike 1-2: Strikes out swinging
|
Bottom of the 2nd over - 2 run(s), 1 hit(s), 0 error(s), 0 left on base; Detroit 0 - Portland 2 |
TOP OF THE 3RD |
Detroit X-Wings batting - Pitching for Portland Privateers : RHP Cade Baird
|
Batting: RHB Carlos Aguirre
|
0-0: Ball 1-0: SINGLE (Groundball, 56D)
|
Batting: LHB Paul Alston
|
0-0: Swinging Strike 0-1: Fly out, F7 (Flyball, 78D)
|
Batting: RHB Júlio López
|
0-0: Ball 1-0: Foul Ball, location: 2F 1-1: Called Strike 1-2: Foul Ball, location: 2F 1-2: Ball 2-2: SINGLE (Groundball, 6) (infield hit) Carlos Aguirre to second
|
Batting: LHB Chris Loudermilk
|
0-0: Grounds into double play, 6-4-3 (Groundball, 56)
|
Top of the 3rd over - 0 run(s), 2 hit(s), 0 error(s), 1 left on base; Detroit 0 - Portland 2 |
BOTTOM OF THE 3RD |
Portland Privateers batting - Pitching for Detroit X-Wings : RHP Gerardo García
|
Batting: RHB Carlos Castro
|
0-0: Called Strike 0-1: Swinging Strike 0-2: Ball 1-2: Foul Ball, location: 2F 1-2: Strikes out swinging
|
Batting: SHB Cory Campbell
|
0-0: Foul Ball, location: 2F 0-1: Ball 1-1: Fly out, F8 (Flyball, 8LS)
|
Batting: RHB Joe Bailey
|
0-0: Foul Ball, location: 2F 0-1: Foul Ball, location: 2F 0-2: Ball 1-2: Ball 2-2: Foul Ball, location: 2F 2-2: Ball 3-2: Foul Ball, location: 2F 3-2: Foul Ball, location: 2F 3-2: Base on Balls
|
Batting: SHB Patrick Larson
|
0-0: Ball Throwing error on steal attempt, E2 Joe Bailey to third 1-0: Ball 2-0: Foul Ball, location: 2F 2-1: Reached on error, E5 (Groundball, 56) Joe Bailey scores
|
Batting: SHB Eric Pimentel
|
0-0: Called Strike 0-1: Foul Ball, location: 2F 0-2: Ball 1-2: SINGLE (Groundball, 56D) Patrick Larson to second
|
Batting: RHB Edward Holloway
|
0-0: Called Strike 0-1: Ball 1-1: Foul Ball, location: 2F 1-2: Ball 2-2: Ball 3-2: Ground out 4-3 (Groundball, 4)
|
Bottom of the 3rd over - 1 run(s), 1 hit(s), 2 error(s), 2 left on base; Detroit 0 - Portland 3 |
TOP OF THE 4TH |
Detroit X-Wings batting - Pitching for Portland Privateers : RHP Cade Baird
|
Batting: LHB Juan Colón
|
0-0: Ball 1-0: Called Strike 1-1: Swinging Strike 1-2: Foul Ball, location: 2F 1-2: Strikes out swinging
|
Batting: RHB Keith Sims
|
0-0: Ball 1-0: Swinging Strike 1-1: Fly out, F7 (Line Drive, 7S)
|
Batting: SHB Javier Jiménez
|
0-0: Ball 1-0: Foul Ball, location: 2F 1-1: Swinging Strike 1-2: Strikes out looking
|
Top of the 4th over - 0 run(s), 0 hit(s), 0 error(s), 0 left on base; Detroit 0 - Portland 3 |
BOTTOM OF THE 4TH |
Portland Privateers batting - Pitching for Detroit X-Wings : RHP Gerardo García
|
Batting: RHB Luis Pineda
|
0-0: Ground out U3 (Groundball, 34)
|
Batting: RHB Jorge Hernández
|
0-0: SINGLE (Line Drive, 8LS)
|
Batting: LHB Domingo Ledesma
|
0-0: Ball Jorge Hernández steals 2nd base 1-0: Ground out U3 (Groundball, 34) Jorge Hernández to third
|
Batting: RHB Carlos Castro
|
0-0: SINGLE (Groundball, 4MD) Jorge Hernández scores
|
Batting: SHB Cory Campbell
|
0-0: Called Strike 0-1: Ball 1-1: Swinging Strike 1-2: SINGLE (Groundball, 6MS) (infield hit) Carlos Castro to second
|
Batting: RHB Joe Bailey
|
0-0: SINGLE (Groundball, 56D) Carlos Castro to third Cory Campbell to second Runner from 3rd tries for Home, SAFE, no throw
|
Batting: SHB Patrick Larson
|
0-0: Foul Ball, location: 2F 0-1: Ball 1-1: Foul Ball, location: 2F 1-2: SINGLE (Line Drive, 7LS) Cory Campbell to third Joe Bailey to second Runner from 3rd tries for Home, SAFE, no throw
|
Batting: SHB Eric Pimentel
|
0-0: Ball 1-0: Called Strike 1-1: Ball 2-1: Fielders Choice at 2nd, 6-4 (Groundball, 6)
|
Bottom of the 4th over - 3 run(s), 5 hit(s), 0 error(s), 1 left on base; Detroit 0 - Portland 6 |
TOP OF THE 5TH |
Detroit X-Wings batting - Pitching for Portland Privateers : RHP Cade Baird
|
Batting: RHB Gary Witt
|
0-0: Swinging Strike 0-1: Foul Ball, location: 2F 0-2: Foul Ball, location: 2F 0-2: Ball 1-2: Ball 2-2: Ball 3-2: SINGLE (Groundball, 56) (infield hit)
|
Batting: RHB Jaime Contreras
|
0-0: Fly out, F8 (Flyball, 8LS)
|
Batting: RHB Carlos Aguirre
|
0-0: Grounds out, U3 (Groundball, 3L)
|
Batting: LHB Paul Alston
|
0-0: Ball 1-0: Ball 2-0: Foul Ball, location: 2F 2-1: Called Strike 2-2: Ball 3-2: Strikes out swinging
|
Top of the 5th over - 0 run(s), 1 hit(s), 0 error(s), 1 left on base; Detroit 0 - Portland 6 |
BOTTOM OF THE 5TH |
Portland Privateers batting - Pitching for Detroit X-Wings : RHP Gerardo García
|
Pitching: RHP Pat Monroe
|
|
Batting: RHB Edward Holloway
|
0-0: SINGLE (Line Drive, 4M)
|
Batting: RHB Luis Pineda
|
0-0: Called Strike 0-1: Swinging Strike 0-2: Ground out U3 (Groundball, 34S) Edward Holloway to second
|
Batting: RHB Jorge Hernández
|
0-0: Swinging Strike 0-1: Swinging Strike 0-2: Ball 1-2: Ball 2-2: Strikes out swinging
|
Batting: LHB Domingo Ledesma
|
0-0: Ball 1-0: Called Strike 1-1: Foul Ball, location: 2F 1-2: Foul Ball, location: 2F 1-2: Ball 2-2: Ball 3-2: DOUBLE (Line Drive, 89XD) Edward Holloway scores
|
Batting: RHB Carlos Castro
|
0-0: Ball 1-0: Ball 2-0: Called Strike 2-1: SINGLE (Line Drive, 89S) Domingo Ledesma to third Runner from 3rd tries for Home, SAFE, no throw
|
Batting: SHB Cory Campbell
|
0-0: Swinging Strike 0-1: Foul Ball, location: 2F 0-2: Fielders Choice at 2nd, 4-6 (Groundball, 4)
|
Bottom of the 5th over - 2 run(s), 3 hit(s), 0 error(s), 0 left on base; Detroit 0 - Portland 8 |
TOP OF THE 6TH |
Detroit X-Wings batting - Pitching for Portland Privateers : RHP Cade Baird
|
Batting: RHB Júlio López
|
0-0: Called Strike 0-1: Called Strike 0-2: Ball 1-2: Strikes out looking
|
Batting: LHB Chris Loudermilk
|
0-0: Ball 1-0: Fly out, F7 (Flyball, 78S)
|
Batting: LHB Juan Colón
|
0-0: Ground out 4-3 (Groundball, 4)
|
Top of the 6th over - 0 run(s), 0 hit(s), 0 error(s), 0 left on base; Detroit 0 - Portland 8 |
BOTTOM OF THE 6TH |
Portland Privateers batting - Pitching for Detroit X-Wings : RHP Pat Monroe
|
Batting: RHB Joe Bailey
|
0-0: Ball 1-0: Swinging Strike 1-1: Ground out 6-3 (Groundball, 56)
|
Batting: SHB Patrick Larson
|
0-0: Called Strike 0-1: Foul Ball, location: 2F 0-2: Ball 1-2: Fly out, F7 (Flyball, 7)
|
Batting: SHB Eric Pimentel
|
0-0: Ball 1-0: Called Strike 1-1: Called Strike 1-2: Ball 2-2: Fly out, F9 (Flyball, 9S)
|
Bottom of the 6th over - 0 run(s), 0 hit(s), 0 error(s), 0 left on base; Detroit 0 - Portland 8 |
TOP OF THE 7TH |
Detroit X-Wings batting - Pitching for Portland Privateers : RHP Cade Baird
|
Batting: RHB Keith Sims
|
0-0: Called Strike 0-1: Ball 1-1: Fly out, F8 (Flyball, 8RXD)
|
Batting: SHB Javier Jiménez
|
0-0: SINGLE (Line Drive, 56)
|
Batting: RHB Gary Witt
|
0-0: Called Strike 0-1: Ball 1-1: Fly out, F8 (Line Drive, 89M)
|
Batting: RHB Jaime Contreras
|
0-0: SINGLE (Groundball, 4MD) Javier Jiménez to second
|
Batting: RHB Carlos Aguirre
|
0-0: Ball 1-0: Called Strike 1-1: Swinging Strike 1-2: SINGLE (Line Drive, 56D) Javier Jiménez to third Jaime Contreras to second
|
Batting: LHB Paul Alston
|
0-0: Ball 1-0: SINGLE (Line Drive, 56D) Javier Jiménez scores Jaime Contreras to third Carlos Aguirre to second Runner from 3rd tries for Home, SAFE, no throw
|
Pitching: RHP Dan Ford
|
|
Batting: RHB Júlio López
|
0-0: SINGLE (Groundball, 56D) Carlos Aguirre to third Paul Alston to second Runner from 3rd tries for Home, SAFE, no throw
|
Batting: LHB Chris Loudermilk
|
0-0: Called Strike 0-1: Ball 1-1: Foul Ball, location: 2F 1-2: Ball 2-2: Foul Ball, location: 2F 2-2: Ball 3-2: Foul Ball, location: 2F 3-2: Ground out 3-1 (Groundball, 23)
|
Top of the 7th over - 3 run(s), 5 hit(s), 0 error(s), 2 left on base; Detroit 3 - Portland 8 |
BOTTOM OF THE 7TH |
Portland Privateers batting - Pitching for Detroit X-Wings : RHP Pat Monroe
|
Pitching: LHP Clarence Skerratt
|
|
Batting: RHB Edward Holloway
|
0-0: Ground out 6-3 (Groundball, 6)
|
Batting: RHB Luis Pineda
|
0-0: Called Strike 0-1: Ball 1-1: Ball 2-1: Ball 3-1: Base on Balls
|
Batting: RHB Jorge Hernández
|
0-0: Called Strike 0-1: Fly out, F7 (Line Drive, 7)
|
Batting: LHB Domingo Ledesma
|
0-0: Ball 1-0: Ball 2-0: Called Strike 2-1: Foul Ball, location: 2F 2-2: Ground out 3-1 (Groundball, 2R)
|
Bottom of the 7th over - 0 run(s), 0 hit(s), 0 error(s), 1 left on base; Detroit 3 - Portland 8 |
TOP OF THE 8TH |
Detroit X-Wings batting - Pitching for Portland Privateers : RHP Dan Ford
|
Batting: LHB Juan Colón
|
0-0: Called Strike 0-1: Ball 1-1: Swinging Strike 1-2: Ball 2-2: Ground out 3-1 (Groundball, 34S)
|
Batting: RHB Keith Sims
|
0-0: Called Strike 0-1: Ball 1-1: Fly out, F7 (Flyball, 7S)
|
Batting: SHB Javier Jiménez
|
0-0: Ball 1-0: Ball 2-0: Ball 3-0: Base on Balls
|
Batting: RHB Gary Witt
|
0-0: Ball 1-0: Called Strike 1-1: Ball 2-1: Ball 3-1: Called Strike 3-2: Foul Ball, location: 2F 3-2: SINGLE (Groundball, 6MD) Javier Jiménez to second Javier Jiménez to third
|
Batting: RHB Jaime Contreras
|
0-0: Ball 1-0: Fly out, F8 (Flyball, 8RS)
|
Top of the 8th over - 0 run(s), 1 hit(s), 0 error(s), 2 left on base; Detroit 3 - Portland 8 |
BOTTOM OF THE 8TH |
Portland Privateers batting - Pitching for Detroit X-Wings : LHP Clarence Skerratt
|
Batting: RHB Carlos Castro
|
0-0: Swinging Strike 0-1: Foul Ball, location: 2F 0-2: Ball 1-2: Ball 2-2: Ball 3-2: Ground out U3 (Groundball, 34)
|
Batting: SHB Cory Campbell
|
0-0: Ball 1-0: Called Strike 1-1: Foul Ball, location: 2F 1-2: Ball 2-2: Ball 3-2: SINGLE (Groundball, 56D)
|
Batting: RHB Joe Bailey
|
0-0: Ball 1-0: DOUBLE (Line Drive, 9LM) Cory Campbell to third
|
Batting: SHB Patrick Larson
|
0-0: Called Strike 0-1: Ball 1-1: Ball 2-1: Ball 3-1: Foul Ball, location: 2F 3-2: Foul Ball, location: 2F 3-2: Base on Balls
|
Batting: SHB Eric Pimentel
|
0-0: Foul Ball, location: 2F 0-1: Swinging Strike 0-2: Foul Ball, location: 2F 0-2: Foul Ball, location: 2F Balk! Cory Campbell scores Joe Bailey to third Patrick Larson to second 0-2: Strikes out swinging
|
Batting: RHB Edward Holloway
|
0-0: Ball 1-0: Ball 2-0: Ball 3-0: Base on Balls
|
Batting: RHB Luis Pineda
|
0-0: Ball 1-0: Called Strike 1-1: DOUBLE (Line Drive, 9LM) Joe Bailey scores Patrick Larson scores Edward Holloway to third Runner from 3rd tries for Home, SAFE, no throw
|
Pitching: RHP Ralph Bascombe
|
|
Batting: RHB Jorge Hernández
|
0-0: Ball 1-0: Called Strike 1-1: Called Strike 1-2: Strikes out swinging
|
Bottom of the 8th over - 4 run(s), 3 hit(s), 0 error(s), 1 left on base; Detroit 3 - Portland 12 |
TOP OF THE 9TH |
Detroit X-Wings batting - Pitching for Portland Privateers : RHP Dan Ford
|
Now at C: Dave Nelson
|
|
Batting: RHB Carlos Aguirre
|
0-0: Ball 1-0: Swinging Strike 1-1: Called Strike 1-2: Strikes out looking
|
Batting: LHB Paul Alston
|
0-0: SINGLE (Flyball, 8LS)
|
Batting: RHB Júlio López
|
0-0: Ball Wild Pitch! Paul Alston to second 1-0: Fly out, F9 (Flyball, 89M)
|
Batting: LHB Chris Loudermilk
|
0-0: SINGLE (Groundball, 34D) Paul Alston to third Runner from 3rd tries for Home, SAFE, no throw
|
Batting: LHB Juan Colón
|
0-0: Called Strike 0-1: Foul Ball, location: 2F 0-2: Fly out, F8 (Line Drive, 8LM)
|
Top of the 9th over - 1 run(s), 2 hit(s), 0 error(s), 1 left on base; Detroit 4 - Portland 12 |
|